 Dungeon Sprint DCSS version 0.32-a0-42-ga30500b4d3 (webtiles) character file.

Game seed: 4773186811044316126

126 rocky1 the Covered (level 5, -3/36 HPs)
             Began as a Gargoyle Fighter on Jan 29, 2024.
             Was an Initiate of Gozag.
             Slain by a warg (9 damage)
             ... in the Dungeon (Sprint VII: "The Pits").
             The game lasted 00:01:12 (344 turns).

rocky1 the Covered (Gargoyle Fighter)                Turns: 344, Time: 00:01:12

Health: -3/36      AC: 20    Str: 21    XL:     5   Next: 9%
Magic:  5/5        EV: 10    Int:  9    God:    Gozag
Gold:   468        SH:  5    Dex:  9    Spells: 4/4 levels left

rFire   . . .        o - +2 mace (protect)
rCold   . . .        c - +0 buckler
rNeg    + . .        f - +3 ring mail
rPois   ∞            (no helmet)
rElec   +            (no cloak)
rCorr   .            (no gloves)
SInv    .            (no boots)
Will    .....        (no amulet) Stlth
                     (no ring)
HPRegen 0.26/turn    (no ring)
MPRegen 0.09/turn

%: no teleportation
@: gold aura, under a protective aura
A: sickness immunity, AC +4, negative energy resistance 1, electricity
resistance, torment resistance 1, petrification resistance
a: Renounce Religion, Potion Petition, Call Merchant, Bribe Branch


You were in the Dungeon.
You worshipped Gozag.
Gozag was aware of your devotion.
You visited 1 branch You collected 468 gold pieces.

Inventory:

Hand Weapons
 a - a +0 flail
 o - a +2 mace of protection (weapon)
Armour
 b - a +0 scale mail
 c - a +0 buckler (worn)
 f - a +3 ring mail (worn)
Scrolls
 j - a scroll of blinking
 l - 2 scrolls of vulnerability
 m - 5 scrolls of amnesia
 n - a scroll of summoning
Potions
 d - a potion of might
 e - 6 potions of curing
 g - a potion of haste
 h - 4 potions of magic
 i - 3 potions of berserk rage
 k - 2 potions of invisibility
 p - 5 potions of heal wounds


   Skills:
 + Level 6.1 Fighting
 + Level 5.2 Maces & Flails
 + Level 6.1 Armour
 + Level 1.6 Dodging
 + Level 5.7 Shields


You had 4 spell levels left.
You didn't know any spells.
Your spell library was empty.

Dungeon Overview and Level Annotations

Branches:
Dungeon (1/1)

Altars:
Ashenzari
Cheibriados
Dithmenos
Elyvilon
Fedhas
Gozag
Hepliaklqana
Kikubaaqudgha
Makhleb
Nemelex Xobeh
Okawaru
Qazlal
Ru
Sif Muna
Trog
Uskayaw
Vehumet
Wu Jian
Xom
Yredelemnul
Zin
The Shining One
Jiyva
Lugonu


Innate Abilities, Weirdness & Mutations

You are immune to sickness and miasma.
Your stone body is resilient. (AC +4)
You are immune to poison.
You resist negative energy. (rN+)
You are resistant to electric shocks. (rElec)
You are resistant to unholy torment.
You are immune to petrification.


Message History

You open the door.
There is an open door here.
You open the door.
A dart slug comes into view.
A warg comes into view.
The warg howls!
A river rat comes into view.
There is an open door here.
The river rat squeaks loudly.
A dart slug comes into view.
The dart slug barely misses you.
You hit the dart slug.
Your weapon exudes an aura of protection.
The dart slug is moderately wounded.
The dart slug bites you but does no damage.
You sock the dart slug!
You kill the dart slug!
Your Maces & Flails skill increases to level 5!
You have reached level 5!
You hit the river rat.
The river rat is heavily wounded.
The river rat barely misses you.
You thump the river rat!
You kill the river rat!
You hit the warg but do no damage. You block the warg's attack.
The warg bites you!
You closely miss the warg. You block the warg's attack.
The warg bites you but does no damage.
You hit the warg.
The warg is lightly wounded.
The warg bites you!
A frilled lizard comes into view.
The warg bites you!
* * * LOW HITPOINT WARNING * * *
You closely miss the warg.
The warg is lightly wounded.
The frilled lizard hisses angrily.
The warg bites you but does no damage. The warg bites you!
You die...
Your body crumbles into a pile of gold.

#..........)'.....
#'#####'#####.....
#.#..#..#..##.....
#.#..'..'..#####'#
#.##)####+###.....
#.#........##.....
#.#........##.....
#.#####'#####...<.
#@#....))..##.....
#h#..[)))..##.....
#'###########.....
#l.# ###### #....
##.#.# ...r.
.#.#w# ... h.#


You could see a warg and a frilled lizard.

Vanquished Creatures
  A scorpion (D)
  2 adders (D)
  A gnoll (D)
  3 river rats (D)
  A dart slug (D)
  A bat (D)
  A bat skeleton (D)
  An endoplasm (D)
  A goblin (D)
12 creatures vanquished.

Notes
Turn   | Place    | Note
-------+----------+-------------------------------------------
     0 | D        | rocky1 the Gargoyle Fighter began the quest for the Orb.
     0 | D        | Reached XP level 1. HP: 14/14 MP: 1/1
    23 | D        | Found a bloodstained altar of Trog.
    23 | D        | Found a shimmering blue altar of Sif Muna.
    23 | D        | Found a viscous altar of Jiyva.
    23 | D        | Found a hazy altar of Hepliaklqana.
    23 | D        | Found an opulent altar of Gozag.
    24 | D        | Found a glowing golden altar of the Shining One.
    24 | D        | Found a glowing silver altar of Zin.
    24 | D        | Found a basalt altar of Yredelemnul.
    24 | D        | Found a shimmering altar of Xom.
    24 | D        | Found an ornate altar of the Wu Jian Council.
    24 | D        | Found a sacrificial altar of Ru.
    24 | D        | Found a stormy altar of Qazlal.
    24 | D        | Found an iron altar of Okawaru.
    24 | D        | Found a sparkling altar of Nemelex Xobeh.
    24 | D        | Found a burning altar of Makhleb.
    24 | D        | Found a blossoming altar of Fedhas.
    24 | D        | Found a white marble altar of Elyvilon.
    24 | D        | Found a shadowy altar of Dithmenos.
    24 | D        | Found a snail-covered altar of Cheibriados.
    27 | D        | Found a corrupted altar of Lugonu.
    27 | D        | Found a radiant altar of Vehumet.
    28 | D        | Found an ancient bone altar of Kikubaaqudgha.
    28 | D        | Found a hide-covered altar of Uskayaw.
    28 | D        | Found a broken altar of Ashenzari.
    31 | D        | Became a worshipper of Gozag Ym Sagoz the Greedy
    69 | D        | Reached XP level 2. HP: 18/20 MP: 2/2
   171 | D        | Reached XP level 3. HP: 20/25 MP: 3/3
   215 | D        | Noticed a scorpion
   217 | D        | Reached skill level 5 in Fighting
   217 | D        | Reached skill level 5 in Armour
   232 | D        | Killed a scorpion
   233 | D        | Reached skill level 1 in Dodging
   233 | D        | Reached skill level 5 in Shields
   233 | D        | Reached XP level 4. HP: 28/32 MP: 4/4
   329 | D        | Noticed a warg
   339 | D        | Reached skill level 5 in Maces & Flails
   339 | D        | Reached XP level 5. HP: 36/36 MP: 5/5
   344 | D        | Slain by a warg

Illustrated notes

Levels and vault maps discovered:
D:        pitsprint [storerooms_1, entrance_room_1, metal_vault_5, armoury_2,
          mini_pit_1, grid_room_1, main_hall_1, silver_pit, the_coven_1,
          the_vestibule_1, steel_vault_1, golden_pit, hallway_of_sentries,
          crystal_vault_3, iron_vault_4, final_vault]

Skill      XL: |  1  2  3  4 |
---------------+-------------+-----
Fighting       | 4 5 6 |  6.1
Armour         | 4 5 6 |  6.1
Shields        | 4 5 |  5.7
Maces & Flails | 3 4 5 |  5.2
Dodging        | 1 |  1.6

Action                     |  1- 3 |  4- 6 || total
---------------------------+-------+-------++-------
  Melee: Flail             |    44 |     6 ||    50
         Mace              |       |     8 ||     8
    Use: Potion            |     1 |       ||     1
 Armour: Scale mail        |    35 |     4 ||    39
         Ring mail         |       |     7 ||     7
  Dodge: Dodged            |    16 |     4 ||    20
  Block: Buckler           |     7 |     5 ||    12

Table legend: (Time is in decaauts)
 A = Elapsed time spent in this place.
 B = Non-inter-level travel time spent in this place.
 C = Inter-level travel time spent in this place.
 D = Time resting spent in this place.
 E = Time spent auto-exploring this place.
 F = Levels seen in this place.
 G = Mean time per level.
                   A        B        C        D        E       F      G
               +--------+--------+--------+--------+--------+-----+--------+
         Total |    358 |    345 |     13 |    138 |      0 |   1 |  358.0 |
       Dungeon |    358 |    345 |     13 |    138 |      0 |   1 |  358.0 |
               +--------+--------+--------+--------+--------+-----+--------+

Top non-repeatable levels by time:
       D: 358 daAuts
